 Dungeon Crawl Stone Soup version 0.17.2-1-ge4368a0 (webtiles) character file.

37 Charly the Insei (level 3, -3/17 HPs)
             Began as a Vine Stalker Transmuter on July 9, 2017.
             Slain by an orc (4 damage)
             ... on level 3 of the Dungeon.
             The game lasted 00:04:38 (450 turns).

Charly the Insei (Vine Stalker Transmuter)           Turns: 450, Time: 00:04:39

Health: -3/17      AC:  3    Str: 12    XL:     3   Next: 41%
Magic:  0/7        EV: 12    Int: 14    God:
Gold:   16         SH:  0    Dex: 14    Spells: 3 memorised, 0 levels left

rFire  . . .     SeeInvis .       - Unarmed
rCold  . . .     Clarity  .     b - +0 robe
rNeg   + . .     SustAt   .     (no shield)
rPois  .         Gourm    .     (no helmet)
rElec  .         Spirit   +     (no cloak)
rCorr  .         Warding  .     e - +0 pair of gloves
rMut   .         Stasis   .     (no boots)
MR     .....                    (no amulet)
Stlth  +.........               (no ring)
                                f - ring of positive energy

@: lethally poisoned (-3 -> -5), very slightly contaminated, not resistant to
hostile enchantments, very unstealthy
A: fangs 2, regeneration 1, magic shield, antimagic bite, no device heal 3, rot
immunity
a: no special abilities


You were on level 3 of the Dungeon.
You were full.

You visited 1 branch of the dungeon, and saw 3 of its levels.

You collected 16 gold pieces.

Inventory:

Missiles
 a - 30 arrows
Armour
 b - a +0 robe (worn)
 e - a +0 pair of gloves (worn)
Jewellery
 f - a ring of positive energy (left hand)
Scrolls
 g - 2 scrolls of remove curse {unknown}
 h - a scroll of teleportation {unknown}
Books
 c - a book of Changes

   Spells                             Type                      Level
   a - Beastly Appendage              Transmutation                1
   b - Sticks to Snakes               Transmutation                2
   c - Spider Form                    Transmutation/Poison         3
   d - Ice Form                       Ice/Transmutation            4
   e - Blade Hands                    Transmutation                5
Comestibles
 d - a bread ration


   Skills:
 - Level 0.8 Fighting
 - Level 1.5 Dodging
 - Level 4.1 Unarmed Combat
 - Level 2.1 Spellcasting
 + Level 2.2 Transmutations
 + Level 0.4 Poison Magic


You couldn't memorise any spells.
You knew the following spells:

 Your Spells              Type           Power        Failure   Level  Hunger
a - Beastly Appendage     Trmt           #.....       12%         1    #......
s - Sticks to Snakes      Trmt           #.........   17%         2    ###....
S - Spider Form           Trmt/Pois      #.........   47%         3    ###....


Dungeon Overview and Level Annotations

Branches:
Dungeon (3/15)

Altars:


Innate Abilities, Weirdness & Mutations

You have extremely sharp teeth.
Your natural rate of healing is unusually fast.
When hurt, damage is shared between your health and your magic reserves.
Your bite disrupts and absorbs the magic of your enemies.
Potions and wands cannot restore your health.
You are immune to rotting.


Message History

The adder bites you but does no damage.
You barely miss the adder. You bite the adder, but do no damage.
The adder is severely wounded.
You feel sick. The adder bites you.
* * * LOW HITPOINT WARNING * * *
You are lethally poisoned!
The adder poisons you!
You hit the adder but do no damage. You bite the adder, but do no damage.
The adder is severely wounded.
The adder barely misses you.
You aren't carrying any potions.
You hit the adder.
You kill the adder!
* * * LOW HITPOINT WARNING * * *
You feel sick.
You barely miss the orc.
* * * LOW HITPOINT WARNING * * *
You feel sick. The orc misses you.
You closely miss the orc. Your bite misses the orc. The orc hits you.
You die...

..# #. .## #.## .. .# #...
. .# ##+# #..# .# .#
##...## #..# ..# # .##
##.....###..###..#.# ..##
##.......##..........
...####.........##g#...#.#.
......+.........@oY........
.).####.........##.......%.
...# #.......######.##.##
.#.# ##.....## ## ##.#
##...## ...# ##'## #### #.#
#.# # ##.##


You could see an ice beast, an orc and a hobgoblin.

Vanquished Creatures
  2 adders
  2 bats
  A hobgoblin (D:1)
  7 jackals (D:1)
  2 giant newts (D:1)
  A goblin (D:2)
  A kobold (D:2)
  A quokka (D:2)
  3 rats
20 creatures vanquished.

Notes
Turn   | Place    | Note
--------------------------------------------------------------
     0 | D:1      | Charly the Vine Stalker Transmuter began the quest for the Orb.
     0 | D:1      | Reached XP level 1. HP: 9/9 MP: 4/4
    47 | D:1      | Reached XP level 2. HP: 12/14 MP: 6/6
    67 | D:1      | Learned a level 2 spell: Sticks to Snakes
   352 | D:2      | Reached skill level 4 in Unarmed Combat
   352 | D:2      | Reached XP level 3. HP: 7/17 MP: 3/7
   378 | D:3      | Learned a level 3 spell: Spider Form
   429 | D:3      | Noticed an ice beast
   450 | D:3      | Slain by an orc

Action                   || total
-------------------------++-------
Melee: Unarmed           ||    88
 Cast: Beastly Appendage ||     1
  Eat: Pizza             ||     1
       Beef jerky        ||     1
